 Seeded DCSS version 0.28.0-43-g3370ac3207 (webtiles) character file.

Game seed: 7121082916606783627 (custom seed)

119 gzilladon the Chopper (level 5, -1/47 HPs)
             Began as a Hill Orc Monk on Mar 30, 2022.
             Was a Priest of Beogh.
             Succumbed to a scorpion's poison
             ... on level 4 of the Dungeon.
             The game lasted 00:12:16 (2748 turns).

gzilladon the Chopper (Hill Orc Monk)               Turns: 2748, Time: 00:12:16

Health: -1/47      AC:  8    Str: 16    XL:     5   Next: 3%
Magic:  5/5        EV:  7    Int: 10    God:    Beogh [***...]
Gold:   141        SH:  0    Dex: 13    Spells: 4/4 levels left

rFire   . . .      SeeInvis .   a - +0 hand axe
rCold   . . .      Faith    .   (no shield)
rNeg    . . .      Spirit   .   m - +0 chain mail
rPois   .          Reflect  .   (no helmet)
rElec   .          Harm     .   (no cloak)
rCorr   .          Rampage  .   (no gloves)
Will    .....                   (no boots)
Stlth   ..........              (no amulet)
HPRegen 0.15/turn               (no ring)
MPRegen 0.09/turn               (no ring)

@: lethally poisoned (-1 -> -19)
A: no striking features
a: Renounce Religion, Smiting


You were on level 4 of the Dungeon.
You worshipped Beogh.
Beogh was most pleased with you.
You visited 1 branch of the dungeon, and saw 4 of its levels.

You collected 141 gold pieces.

Inventory:

Hand Weapons
 a - a +0 hand axe (weapon)
Missiles
 c - 65 stones (quivered)
 g - 5 poisoned darts
Armour
 b - a +0 robe
 d - a +0 leather armour
 h - a +0 ring mail
 m - a +0 chain mail (worn)
Scrolls
 e - a scroll of identify {unknown}
 f - a scroll of torment {unknown}
 i - a scroll of teleportation {unknown}
 j - a scroll of immolation {unknown}
 l - a scroll of blinking {unknown}
Potions
 k - a potion of attraction {unknown}


   Skills:
 + Level 4.4 Fighting
 * Level 6.0 Axes
 + Level 1.4 Armour
 + Level 2.6 Dodging
 - Level 1.5 Stealth
 * Level 1.1 Invocations


You had 4 spell levels left.
You didn't know any spells.
Your spell library was empty.

Dungeon Overview and Level Annotations

Branches:
Dungeon (4/15)
 Temple: D:4-7

Altars:
Uskayaw


Message History

Your orc wizard appears confused.
The jelly hits your orc.
Your orc is splashed with acid.
Your orc seems to be corroded for longer.
The scorpion stings you!
You are lethally poisoned!
The scorpion poisons you! The ice beast barely misses you.
Your orc hits the jelly with a +0 morningstar!
Your orc is burned by acid!
Your orc dies!
* * * LOW HITPOINT WARNING * * *
You feel very sick.
The orc wizard hits something with a +0 dagger.
* * * LOW HITPOINT WARNING * * *
You feel very sick. The scorpion stings you.
* * * LOW HITPOINT WARNING * * *
You are more poisoned.
The scorpion poisons you!
It was a potion of heal wounds.
You feel much better.
You feel very sick. The jelly barely misses you. The scorpion stings you.
You feel very sick.
* * * LOW HITPOINT WARNING * * *
You feel very sick.
The orc wizard casts a spell.
The orc wizard flickers and vanishes!
Deactivating autopickup; reactivate with Ctrl-A.
* * * LOW HITPOINT WARNING * * *
You feel very sick.
* * * LOW HITPOINT WARNING * * *
You feel very sick.
* * * LOW HITPOINT WARNING * * *
You feel sick.
* * * LOW HITPOINT WARNING * * *
You feel sick. The scorpion stings you.
* * * LOW HITPOINT WARNING * * *
You are more poisoned.
The scorpion poisons you!
The scorpion stings you but does no damage.
You die...

### ### #.# #.# #.######.#
#........# #.######.#
#############.# #.########
#<.)..........# #.........
##########################..÷
#..@.......>.......)
#s#.........#.##....
#J#.........#.#.....
#Y#.........#.#.....
####.#.........#.#.#..#
#....#....>......#....#
#...{#.####'#########.#
#..)†#.. .<# ... #...)#


You could see a scorpion.

Vanquished Creatures
  3 adders
  3 worms
  A dart slug (D:2)
  3 orcs
  5 ball pythons (D:2)
  4 endoplasms
  A giant cockroach (D:1)
  8 goblins
  6 hobgoblins
  6 quokkas
  A bat (D:1)
  A frilled lizard (D:3)
  9 kobolds
  A rat (D:1)
52 creatures vanquished.

Vanquished Creatures (collateral kills)
  An iguana (D:4)
  An orc (D:4)
  A giant cockroach (D:4)
  A hobgoblin (D:4)
4 creatures vanquished.

Vanquished Creatures (others)
  3 orcs
  A quokka (D:3)
  7 toadstools (D:3)
11 creatures vanquished.

Grand Total: 67 creatures vanquished

Notes
Turn   | Place    | Note
-------+----------+-------------------------------------------
     0 | D:1      | gzilladon the Hill Orc Monk began the quest for the Orb.
     0 | D:1      | Reached XP level 1. HP: 19/19 MP: 1/1
    59 | D:2      | Found a faded altar of an unknown god.
   341 | D:3      | Noticed an orc priest
   341 | D:3      | Noticed an orc priest
   341 | D:3      | Noticed an orc priest
   342 | D:3      | Became a worshipper of Beogh the Brigand
   342 | D:3      | Reached * piety under Beogh
   342 | D:3      | Reached ** piety under Beogh
   360 | D:3      | Reached XP level 2. HP: 25/27 MP: 2/2
   920 | D:1      | Reached XP level 3. HP: 23/33 MP: 3/3
  1126 | D:2      | Reached skill level 5 in Axes
  1631 | D:3      | Found a hide-covered altar of Uskayaw.
  1688 | D:3      | Reached XP level 4. HP: 30/40 MP: 4/4
  1690 | D:3      | Reached *** piety under Beogh
  1749 | D:2      | Reached skill level 1 in Armour
  1814 | D:2      | Reached skill level 1 in Invocations
  2181 | D:3      | Noticed an ice beast
  2728 | D:4      | Noticed a scorpion
  2729 | D:4      | Noticed an ice beast
  2732 | D:4      | Reached XP level 5. HP: 47/47 MP: 5/5
  2734 | D:4      | Reached skill level 6 in Axes
  2748 | D:4      | Succumbed to a scorpion's poison

Illustrated notes

Levels and vault maps discovered:
D:1:      minmay_arrival_plants_in_alcoves, layout_rooms, serial_shops, shop,
          chequers_serial_rivers_large_b
D:2:      layout_rooms, hellmonk_ecumenical_altar_leap_of_faith,
          minmay_door_square, nicolae_concentric_dashed_squares_mild
D:3:      cheibrodos_fertilizer, layout_basic, lemuel_tele_altar,
          lemuel_zombie_altar_yredelemnul, serial_shops,
          nicolae_shop_behind_doors, serial_rivers,
          chequers_serial_rivers_small_a, chequers_serial_rivers_micro_c,
          chequers_serial_rivers_room_a, chequers_serial_rivers_micro_e,
          chequers_serial_rivers_small_a, kennysheep_generic_room_9
D:4:      layout_basic, grunt_temple_overflow_cloverleaf, uniq_pargi,
          uniq_menkaure, uniq_natasha

Skill      XL: |  1  2  3  4  5 |
---------------+----------------+-----
Fighting       | 4 |  4.4
Axes           | 5 6 |  6.0
Armour         | 1 |  1.4
Invocations    | 1 |  1.1
Dodging        | |  2.6
Stealth        | |  1.5

Action                   |  1- 3 |  4- 6 || total
-------------------------+-------+-------++-------
Melee: Hand axe          |   115 |    60 ||   175
       Punch             |     2 |       ||     2
Throw: Stone             |       |     5 ||     5
Invok: Convert to Beogh  |     1 |       ||     1
  Use: Potion            |       |     1 ||     1
 Stab: Sleeping          |     2 |       ||     2
Armor: Leather armour    |    15 |       ||    15
       Ring mail         |    26 |     7 ||    33
       Chain mail        |       |    26 ||    26
Dodge: Dodged            |    98 |    37 ||   135
